 Dungeon Crawl Stone Soup version 0.30.1-9-gdf580d7c3d (webtiles) character file.

Game seed: 15195086537700914569

133 monsoonserge the Ducker (level 5, -5/41 HPs)
             Began as a Meteoran Monk on Oct 19, 2023.
             Was an Elder of Hepliaklqana.
             Slain by an orc warrior
             ... wielding a +0 broad axe
              (9 damage)
             ... on level 3 of the Dungeon.
             The game lasted 00:07:10 (1226 turns).

monsoonserge the Ducker (Meteoran Monk)             Turns: 1226, Time: 00:07:13

Health: -5/41      AC:  5    Str: 13    XL:     5   Next: 68%
Magic:  5/7        EV: 12    Int: 11    God:    Hepliaklqana [****..]
Gold:   105        SH:  0    Dex: 18    Spells: 4/4 levels left

rFire   . . .        r - +0 long sword
rCold   . . .        d - orb {light}
rNeg    . . .        h - +0 ring mail
rPois   .            (no helmet)
rElec   .            (no cloak)
rCorr   .            (no gloves)
SInv    .            (no boots)
Will    .....        (no amulet)
Stlth   +            (no ring)
HPRegen 0.26/turn    (no ring)
MPRegen 0.10/turn

%: no passive effects
@: glowing
A: reduced essence, sense surroundings 1, otherworldly, glowing, explore regen
a: Renounce Religion, Recall Ancestor, Ancestor Identity, Transference, Idealise


You were on level 3 of the Dungeon.
You worshipped Hepliaklqana.
Hepliaklqana was greatly pleased with you.
You visited 1 branch of the dungeon, and saw 4 of its levels.

You collected 105 gold pieces.

Inventory:

Hand Weapons
 a - a +0 falchion
 r - a +0 long sword (weapon)
Missiles
 g - 13 javelins
 n - a boomerang (quivered)
Armour
 b - a +0 robe
 d - an orb of light (worn)
 h - a +0 ring mail (worn)
 s - a +0 scale mail
Wands
 p - a wand of charming (9)
Scrolls
 i - a scroll of magic mapping {unknown}
 l - a scroll of fear {unknown}
 m - 2 scrolls of teleportation {unknown}
 q - a scroll of identify {unknown}
 u - a scroll of amnesia {unknown}
 v - a scroll of vulnerability {unknown}
Potions
 c - a potion of ambrosia
 e - a potion of flight {unknown}
 f - a potion of magic {unknown}
 j - a potion of brilliance {unknown}
 k - 4 potions of curing {unknown}
 o - a potion of berserk rage {unknown}
 t - a potion of attraction {unknown}


   Skills:
 + Level 4.2 Fighting
 + Level 4.5 Long Blades
 + Level 0.3 Armour
 + Level 4.6 Dodging
 + Level 0.4 Stealth
 * Level 1.9 Invocations
 - Level 1.0 Evocations


You had 4 spell levels left.
You didn't know any spells.
Your spell library contained the following spells:

 Spells                   Type           Power      Damage    Failure   Level
 Apportation              Tloc           0%         N/A       58%         1
 Lesser Beckoning         Tloc           0%         N/A       75%         2
 Poisonous Vapours        Pois/Air       0%         N/A       75%         2
 Gell's Gravitas          Tloc           0%         N/A       92%         3
 Mephitic Cloud           Conj/Pois/Air  0%         N/A       92%         3
 Teleport Other           Tloc           0%         N/A       92%         3
 Alistair's Intoxication  Tmut/Pois      0%         N/A       100%        5
 Freezing Cloud           Conj/Ice/Air   0%         6-21      100%        5


Dungeon Overview and Level Annotations

Branches:
Dungeon (4/15) Zot: 1142
 Temple: D:4-7

Altars:
Hepliaklqana
Trog
Uskayaw


Innate Abilities, Weirdness & Mutations

Your life essence is reduced to manifest your ancestor. (-10% HP)
You passively map a small area around you.
You are easily found by Zot.
You glow in the dark.
You regain HP and MP as you explore.


Message History

You throw a boomerang.
The boomerang hits the orc warrior but does no damage.
You hear a shout!
Ramose casts a spell at the hobgoblin.
The stone arrow misses the hobgoblin.
An orc comes into view. It is wielding a +0 club.
Throw: boomerang
Press: ? - help, Q - select action, (/) - cycle Shift-Dir - straight line, f/p - orc warrior
Aim: an orc warrior, wielding a +0 broad axe and wearing a +0 chain mail (haloed, 77% to hit)
You throw a boomerang.
The boomerang hits the orc warrior but does no damage.
An adder comes into view.
Ramose hits the hobgoblin with a +0 quarterstaff.
The hobgoblin dies!
A goblin comes into view. It is wielding a +0 club.
The orc warrior closely misses you.
The orc warrior closely misses Ramose.
You climb upwards.
There is a stone staircase leading down here.
Unknown command.
You barely miss the orc warrior.
The orc warrior hits you with a +0 broad axe!
Ramose is recalled.
The orc warrior hits you with a +0 broad axe!
The orc warrior hits Ramose with a +0 broad axe!
Unknown command.
You hit the orc warrior.
The orc warrior is lightly wounded.
Ramose barely misses the orc warrior.
The orc warrior hits you with a +0 broad axe!
* * * LOW HITPOINT WARNING * * *
The orc warrior closely misses Ramose.
Ramose gestures at the orc warrior while chanting.
The puff of frost hits the orc warrior.
You hit the orc warrior but do no damage.
The orc warrior is moderately wounded.
The orc warrior barely misses you.
The orc warrior hits Ramose with a +0 broad axe!
Ramose is destroyed!
The orc warrior hits you with a +0 broad axe!
You die...

#.# #.##.#.# #...####.# #.# #.#
#......# #...# #.# #.#
#.########.##### ##.### #.# #.#
.......##......# #...# #.###..
..####.##..###.# ###.# #......
##### ###..###.### #.# ####### #
♣.♣≈≈≈####.....# ###.####### #
#♣...♣≈≈≈ #.#.#.####<†.......#
'.._.8≈≈≈###.#..@..##.#.#####.###
#♣...♣≈≈≈#......o..#.....)......#
♣.♣≈≈≈####......)...#.##....#.#
##*### ###....)#.##.##..#.#.#
#.....#....##.###..#
#.#####..####..#.#.# #.#
#.....##...##.# #.#
#.............# #.#
#.....####....#


You could see an orc warrior.

Vanquished Creatures
  2 adders (D:2)
  3 dart slugs
  2 orcs (D:3)
  2 endoplasms (D:1)
  3 goblins (D:1)
  A hobgoblin (D:1)
  A jackal (D:2)
  4 ball pythons
  A bat (D:3)
  A frilled lizard (D:3)
  3 rats
23 creatures vanquished.

Vanquished Creatures (collateral kills)
  An orc priest (D:3)
  2 adders (D:3)
  A worm (D:3)
  An orc (D:3)
  2 bats (D:1)
  A giant cockroach (D:1)
  A goblin (D:1)
  4 hobgoblins
  3 jackals (D:2)
  6 ball pythons
  2 frilled lizards (D:3)
  5 kobolds
  3 rats (D:1)
32 creatures vanquished.

Vanquished Creatures (others)
  A battlemage (D:3)
1 creature vanquished.

Grand Total: 56 creatures vanquished

Notes
Turn   | Place    | Note
-------+----------+-------------------------------------------
     0 | D:1      | monsoonserge the Meteoran Monk began the quest for the Orb.
     0 | D:1      | Reached XP level 1. HP: 19/19 MP: 2/2
    28 | D:1      | Found a faded altar of an unknown god.
    37 | D:1      | Prayed at the altar of an unknown god.
    37 | D:1      | Became a worshipper of Hepliaklqana the Forgotten
    37 | D:1      | Reached * piety under Hepliaklqana
    37 | D:1      | Reached ** piety under Hepliaklqana
    50 | D:1      | Remembered your ancestor Ramose as a battlemage
    97 | D:1      | Reached XP level 2. HP: 17/23 MP: 3/3
   178 | D:1      | Reached *** piety under Hepliaklqana
   261 | D:1      | Reached XP level 3. HP: 29/29 MP: 4/4
   496 | D:2      | Reached XP level 4. HP: 36/36 MP: 5/5
   804 | D:3      | Reached skill level 1 in Invocations
   912 | D:3      | Noticed a +0 hand axe
   913 | D:3      | Noticed a +0 hand axe
   915 | D:3      | Found a hide-covered altar of Uskayaw.
   927 | D:3      | Reached **** piety under Hepliaklqana
   929 | D:3      | Reached XP level 5. HP: 41/41 MP: 6/6
   957 | D:3      | Reached skill level 1 in Evocations
  1078 | D:3      | Found a bloodstained altar of Trog.
  1179 | D:3      | Found a hazy altar of Hepliaklqana.
  1218 | D:4      | Noticed an orc warrior
  1226 | D:3      | Slain by an orc warrior

Illustrated notes

Levels and vault maps discovered:
D:1:      nzn_arrival_settlement, layout_basic,
          hellmonk_ecumenical_altar_prayer_group
D:2:      layout_basic, chequers_serial_rivers_large_b
D:3:      layout_loops_cross, lightli_temple_of_fire, dancing_weapons_uskayaw,
          worldfamousw_hep_ancestral_shrine
D:4:      layout_cave_pods, minmay_temple_entry_poolview,
          gammafunk_ghost_abyssal_escape, serial_forest,
          infiniplex_forest_straight_4, infiniplex_forest_clump_medium,
          infiniplex_forest_clump_medium, infiniplex_forest_lined_2,
          infiniplex_forest_end_2, infiniplex_forest_straight_3,
          minmay_misc_feat_four_crosses, uniq_robin

Skill      XL: |  1  2  3  4  5 |
---------------+----------------+-----
Dodging        | 4 |  4.6
Long Blades    | 4 |  4.5
Fighting       | 4 |  4.2
Invocations    | 1 |  1.9
Evocations     | 1 |  1.0
Armour         | |  0.3
Stealth        | |  0.4

Action                     |  1- 3 |  4- 6 || total
---------------------------+-------+-------++-------
  Melee: Falchion          |    31 |    20 ||    51
         Long sword        |       |    12 ||    12
  Throw: Boomerang         |       |     2 ||     2
 Invoke: Ancestor Life: Ba |     1 |       ||     1
         Recall Ancestor   |       |     1 ||     1
 Armour: Robe              |     4 |       ||     4
         Ring mail         |     6 |    14 ||    20
  Dodge: Dodged            |    16 |    21 ||    37
